 Dungeon Crawl Stone Soup version 0.16.2-12-gd0ad4c3 (webtiles) character file.

6832 magipi the Cleaver (level 11, -7/95 HPs)
             Began as a Ghoul Gladiator on Mar 10, 2016.
             Was a Believer of Makhleb.
             Mangled by Urug
             ... wielding a +0 halberd
              (18 damage)
             ... on level 10 of the Dungeon.
             The game lasted 00:54:44 (7735 turns).

magipi the Cleaver (Ghoul Gladiator)                Turns: 7735, Time: 00:54:44

Health: -7/95      AC: 16    Str: 20      XL:     11   Next: 5%
Magic:  9/9        EV:  7    Int:  7 (8)  God:    Makhleb [**....]
Gold:   217        SH:  0    Dex: 14      Spells: 0 memorised, 10 levels left

rFire  . . .     SeeInvis .     a - +1 hand axe (elec)
rCold  + . .     Clarity  +     H - +0 plate armour
rNeg   + + +     SustAb   .     (no shield)
rPois  ∞         Gourm    .     c - +0 helmet
rElec  .         Spirit   .     (no cloak)
rCorr  .         Warding  .     y - +1 pair of gloves
rMut   .         Stasis   .     (no boots)
MR     .....                    j - amulet of clarity
Stlth  ..........               A - +4 ring of intelligence
                                E - +3 ring of dexterity

@: very slightly contaminated, rotting, invisible, not resistant to hostile
enchantments, extremely unstealthy
A: rotting body, claws 1, carnivore 3, cold resistance 1, negative energy
resistance 3, poison resistance, slow healing 1, torment resistance, unbreathing
a: Minor Destruction, Renounce Religion


You were on level 10 of the Dungeon.
You worshipped Makhleb.
Makhleb was pleased with you.
You were not hungry.

You visited 2 branches of the dungeon, and saw 11 of its levels.
You also visited: Ossuary.

You collected 433 gold pieces.
You spent 216 gold pieces at shops.

Inventory:

Hand weapons
 a - a +1 hand axe of electrocution (weapon)
 b - a +0 blowgun
 e - a +1 battleaxe
Missiles
 s - 8 javelins (quivered)
 C - 53 poisoned needles
Armour
 c - a +0 helmet (worn)
 y - a +1 pair of gloves (worn)
 H - a +0 plate armour (worn)
Jewellery
 j - an amulet of clarity (around neck)
 n - a cursed amulet of warding
 o - a cursed ring of ice
 x - an uncursed ring of ice
 A - a +4 ring of intelligence (right hand)
 E - a +3 ring of dexterity (left hand)
Magical devices
 d - a wand of slowing (22)
 q - a wand of frost (3)
 v - a wand of frost (42)
 J - a wand of magic darts (26)
Scrolls
 f - 3 scrolls of teleportation
 i - 3 scrolls of identify
 l - 3 scrolls of enchant weapon
 r - 2 scrolls of fear
 B - 5 scrolls of remove curse
 F - a scroll of magic mapping
Potions
 g - 2 potions of berserk rage {unknown}
 h - 4 potions of brilliance
 m - 4 potions of haste
 p - 3 potions of restore abilities
 t - a potion of flight
 u - a potion of resistance
 w - 2 potions of curing
 D - a potion of magic
 G - 2 potions of invisibility
Comestibles
 k - a beef jerky
 z - 6 chunks of flesh
 I - 2 meat rations


   Skills:
 - Level 8.4 Fighting
 - Level 10.0 Axes
 - Level 7.0 Throwing
 + Level 6.7 Armour
 - Level 2.6 Dodging
 + Level 0.7 Invocations


You had 10 spell levels left.
You didn't know any spells.

Dungeon Overview and Level Annotations

Branches:
Dungeon (10/15)            Temple (1/1) D:6            Lair (0/8) D:9
    Orc: D:9-12

Altars:
Ashenzari
Cheibriados
Dithmenos
Elyvilon
Fedhas
Gozag
Kikubaaqudgha
Makhleb
Nemelex Xobeh
Okawaru
Qazlal
Ru
Sif Muna
Trog
Vehumet
Xom
Yredelemnul
Zin
The Shining One

Shops:
D:4 (   D:8 ?

Annotations:
D:5 Pikel
D:6 Eustachio
D:8 Dowan, Duvessa, Psyche
D:10 Urug


Innate Abilities, Weirdness & Mutations

Your body is rotting away.
You thrive on raw meat.
You have sharp fingernails.
You are carnivorous and can eat meat at any time.
Your flesh is cold resistant.
You are immune to negative energy.
Your system is resistant to poisons.
You heal slowly when monsters are visible.
You are immune to unholy pain and torment.
You can survive without breathing.

Vault maps used:
D:1:      noname_arrival_rooms_in_the_neighbourhood
D:2:      old_standard_altar, hangedman_abyss_or_decor_lesser_grid
D:4:      serial_shops, nicolae_shop_window_shopping
D:5:      first_bread, grunt_dithmenos_smoke_and_mirrors, uniq_pikel
D:6:      corexii_shantytown, minmay_temple_entry_crystal_x,
          lightli_ossuary_entry_decrepit_ruins, uniq_eustachio, uniq_natasha,
          uniq_prince_ribbit1
D:7:      minmay_overflow_temple_hex
D:8:      serial_shops, shop, uniq_psyche, uniq_duvessa
D:9:      minmay_lair_entry_lava, uniq_gastronok
D:10:     hiddenorc1_lemuel, grunt_ogre_cave, evilmike_ruin_ashenzari, uniq_urug
Temple:   dpeg_five_rooms_temple_12
Ossuary:  ossuary_crypta


Message History

a dagger; a robe; a flail; a leather armour; an orc corpse You hit the orc but do no damage.
There is a sudden explosion of sparks!
You kill the orc!
Makhleb accepts your kill.
You see here a ring mail.
Items here: )) [ †† a short sword; a hand axe; a glowing leather armour; an orc corpse an orc corpse You see here a whip of electrocution.
You see here an orc corpse.
You butcher the orc corpse.
z - 4 chunks of flesh (gained 2)
You see here an orc skeleton.
Eat one of 4 chunks of flesh? (ye/n/q/i?) This raw flesh tastes great!
You continue eating.
You feel your flesh rotting away.
You continue eating.
You see here a ring mail.
Found a helmet.
A centaur comes into view.
The centaur wields a shortbow.
The centaur shoots an arrow of frost.
The arrow of frost hits you but does no damage.
Found an escape hatch in the floor.
The centaur shoots an arrow of frost.
The arrow of frost hits you but does no damage.
The centaur shoots an arrow of frost.
The arrow of frost hits you.
You see here 2 arrows of frost.
The centaur unwields an uncursed shortbow.
The centaur hits you but does no damage.
You hit the centaur.
The centaur is lightly wounded.
The centaur hits you.
You hit the centaur.
The centaur is moderately wounded.
The centaur hits you but does no damage.
You hit the centaur.
There is a sudden explosion of sparks!
The centaur is almost dead.
The centaur hits you!
You hit the centaur.
The centaur is almost dead.
The centaur barely misses you.
The centaur hits you but does no damage.
You hit the centaur.
There is a sudden explosion of sparks!
You kill the centaur!
Makhleb accepts your kill.
You feel a little better.
Things that are here:
an uncursed shortbow; 6 arrows of frost; a centaur corpse You butcher the centaur corpse.
z - 7 chunks of flesh (gained 4)
Things that are here:
an uncursed shortbow; 6 arrows of frost Eat one of 7 chunks of flesh? (ye/n/q/i?)
You feel more resilient.
This raw flesh tastes great!
You continue eating. x2
Urug the Orcish Ballista comes into view.
He is wielding a halberd.
Urug shouts!
Urug throws a javelin.
The javelin hits you but does no damage.
You see here a javelin.
Urug throws a javelin.
The javelin hits you!
You see here a javelin.
Urug screams, "Bird-brain!"
You start resting.
Urug hits you with a halberd!
You hit Urug.
Urug is lightly wounded.
You hit Urug.
There is a sudden explosion of sparks!
Urug is moderately wounded.
Urug hits you with a halberd!
You miss Urug.
Urug is moderately wounded.
You barely miss Urug.
Urug is moderately wounded.
Urug hits you with a halberd!!
Throwing (i - inventory):
s - 8 javelins (quivered)
Press: ? - help, Shift-Dir - straight line, f - Urug
Aim: Urug, wielding a halberd and wearing a leather armour (moderately wounded)
Okay, then.
Unknown command.
Quiver which item? (- for none, * to show all) (? for menu, Esc to quit)
Okay, then.
You hit Urug.
There is a sudden explosion of sparks!
Urug is heavily wounded.
Urug completely misses you.
You slash Urug!
Urug is severely wounded.
You barely miss Urug.
Urug is severely wounded.
Urug hits you with a halberd!!
* * * LOW HITPOINT WARNING * * *
Drink which item? (? for menu, Esc to quit)
You fade into invisibility!
Urug hits you with a halberd!
* * * LOW HITPOINT WARNING * * *
You are very lightly contaminated with residual magic.
Drink which item? (? for menu, Esc to quit)
You feel better. Urug hits you with a halberd!!
You die...

...#.# ## ># #.# ...
.# #.# #.. .#
#.#..########.####
#...o(...........#
#.#..#.#.###..###[# #.
#..().(..# #.#
#..###o###.####.#
#....@..........###
######.###.....>..####
#.# ####......... #.#
#.#.#)####
#.######.#.#)#### ###
............)..<. ###
#.# ###.......).[####
#.# #.#
#.#.##....)#### #.#
#.# .....#...).)..).


You could see Urug.

Table legend:
 A = Kills in this place as a percentage of kills in entire the game.
 B = Kills by you in this place as a percentage of kills by you in the entire game.
 C = Kills by friends in this place as a percentage of kills by friends in the entire game.
 D = Other kills in this place as a percentage of other kills in the entire game.
 E = Experience gained in this place as a percentage of experience gained in the entire game.
 F = Experience gained in this place divided by the number of levels of this place that you have seen.
                   A       B       C       D       E      F
               +-------+-------+-------+-------+-------+----------------------
         Total | 100.0 | 100.0 |  -nan |  -nan | 100.0 | 813.3
       Dungeon |  98.1 |  98.1 |  -nan |  -nan |  99.1 | 967.4
       Ossuary |   1.9 |   1.9 |  -nan |  -nan |   0.9 |  86.0
               +-------+-------+-------+-------+-------+----------------------

Vanquished Creatures
  Gastronok (D:9)
  A gargoyle (D:10)
  A fire drake (D:9)
  A deep elf mage (D:10)
  A hippogriff (D:9)
  2 hungry ghosts
  3 yaks (D:10)
  A wraith (D:10)
  A steam dragon (D:7)
  2 sky beasts
  4 centaurs
  3 ice beasts
  A necrophage (D:9)
  6 orc warriors
  5 ogres
  A slave (D:4)
  A wyvern zombie (D:10)
  2 big kobolds
  5 giant frogs
  2 scorpions
  3 crimson imps
  4 hounds
  A goliath beetle (D:6)
  5 orc priests
  A giant frog skeleton (D:4)
  2 jellies
  13 orc wizards
  6 worker ants
  4 iguanas
  5 mummies (Ossuary)
  9 adders
  4 gnolls (D:9)
  2 shadow imps
  A giant mite (D:4)
  3 worms
  4 adder skeletons
  2 adder zombies
  6 giant geckos
  An ooze (D:2)
  46 orcs
  A ball python (D:3)
  16 bats
  17 hobgoblins
  6 jackals (D:3)
  4 quokkas
  7 giant cockroaches
  3 giant newts
  2 giant spores
  7 goblins
  23 kobolds
  12 rats
  4 ballistomycetes
268 creatures vanquished.

Notes
Turn   | Place    | Note
--------------------------------------------------------------
     0 | D:1      | magipi, the Ghoul Gladiator, began the quest for the Orb.
     0 | D:1      | Reached XP level 1. HP: 17/17 MP: 1/1
    88 | D:1      | Reached skill level 3 in Axes
    95 | D:1      | Reached XP level 2. HP: 12/24 MP: 2/2
   384 | D:2      | Reached XP level 3. HP: 29/29 MP: 3/3
   485 | D:2      | Reached skill level 4 in Axes
   647 | D:2      | Found a deep blue altar of Sif Muna.
   696 | D:2      | Reached XP level 4. HP: 13/35 MP: 3/3
  1528 | D:3      | Reached skill level 5 in Axes
  1528 | D:3      | Reached XP level 5. HP: 32/40 MP: 4/4
  1848 | D:4      | Found Icheg's Weapon Shoppe.
  1922 | D:4      | Reached XP level 6. HP: 45/48 MP: 5/5
  2066 | D:4      | Reached skill level 6 in Axes
  2411 | D:4      | Reached skill level 7 in Axes
  2411 | D:4      | Reached XP level 7. HP: 44/55 MP: 5/5
  2556 | D:5      | Entered Level 5 of the Dungeon
  2835 | D:5      | Noticed Pikel
  3048 | D:5      | Found a shadowy altar of Dithmenos.
  3158 | D:6      | Found a staircase to the Ecumenical Temple.
  3167 | Temple   | Entered the Ecumenical Temple
  3364 | D:6      | Found a sand-covered staircase.
  3370 | Ossuary  | Entered an ossuary
  3470 | Ossuary  | Reached skill level 8 in Axes
  3707 | D:6      | Noticed Eustachio
  3938 | D:7      | Reached XP level 8. HP: 35/61 MP: 6/6
  3976 | D:7      | Noticed a steam dragon
  3988 | D:7      | Killed a steam dragon
  4028 | D:7      | Reached skill level 9 in Axes
  4315 | D:6      | Reached skill level 10 in Axes
  4543 | D:5      | You fall through a shaft!
  4559 | D:8      | Found Keitaxof's Magic Scroll Shoppe.
  4568 | D:8      | Bought a scroll of identify for 32 gold pieces
  4568 | D:8      | Bought a scroll of identify for 32 gold pieces
  4568 | D:8      | Bought a scroll of enchant armour for 120 gold pieces
  4568 | D:8      | Bought a scroll of identify for 32 gold pieces
  4604 | D:8      | Reached skill level 1 in Armour
  4700 | D:8      | Reached XP level 9. HP: 33/66 MP: 7/7
  4817 | D:8      | Noticed Duvessa
  4817 | D:8      | Noticed Dowan
  4890 | D:9      | Noticed Gastronok
  4953 | D:9      | Noticed a fire drake
  4970 | D:9      | Killed a fire drake
  5431 | D:9      | Reached skill level 5 in Fighting
  5709 | D:9      | Killed Gastronok
  5709 | D:9      | Reached skill level 5 in Throwing
  5709 | D:9      | Reached skill level 5 in Armour
  5709 | D:9      | Reached XP level 10. HP: 70/84 MP: 7/7
  5799 | D:9      | Found a staircase to the Lair.
  6223 | D:8      | Noticed Psyche
  6640 | D:7      | Found an iron altar of Okawaru.
  6640 | D:7      | Found a white marble altar of Elyvilon.
  6642 | D:7      | Found a radiant altar of Vehumet.
  6643 | D:7      | Found a basalt altar of Yredelemnul.
  6646 | D:7      | Found a shadowy altar of Dithmenos.
  6646 | D:7      | Found a burning altar of Makhleb.
  6656 | D:7      | Became a worshipper of Makhleb the Destroyer
  6722 | D:10     | Entered Level 10 of the Dungeon
  7009 | D:10     | Found a shattered altar of Ashenzari.
  7045 | D:10     | Acquired Makhleb's first power
  7282 | D:10     | Noticed an ice dragon
  7469 | D:10     | Reached XP level 11. HP: 54/94 MP: 8/8
  7564 | D:10     | Acquired Makhleb's second power
  7719 | D:10     | Noticed Urug
  7734 | D:10     | HP: 4/95 [Urug/halberd (14)]
  7735 | D:10     | Mangled by Urug

Action                   |  1- 3 |  4- 6 |  7- 9 | 10-12 || total
-------------------------+-------+-------+-------+-------++-------
Melee: War axe           |   120 |   255 |   363 |       ||   738
       Battleaxe         |       |       |     4 |   244 ||   248
       Hand axe          |       |       |       |    35 ||    35
 Fire: Blowgun           |       |       |    49 |       ||    49
Throw: Throwing net      |     1 |       |     5 |       ||     6
Evoke: Wand              |       |       |       |     2 ||     2
  Use: Scroll            |       |       |    17 |     6 ||    23
       Potion            |       |       |     7 |     6 ||    13
 Stab: Held in net/web   |       |       |     1 |       ||     1
  Eat: Chunk             |    13 |    21 |    48 |    30 ||   112

Action                   |  1- 3 |  4- 6 |  7- 9 | 10-12 || total
-------------------------+-------+-------+-------+-------++-------
Melee: War axe           |   120 |   255 |   363 |       ||   738
       Battleaxe         |       |       |     4 |   244 ||   248
       Hand axe          |       |       |       |    35 ||    35
 Fire: Blowgun           |       |       |    49 |       ||    49
Throw: Throwing net      |     1 |       |     5 |       ||     6
Evoke: Wand              |       |       |       |     2 ||     2
  Use: Scroll            |       |       |    17 |     6 ||    23
       Potion            |       |       |     7 |     6 ||    13
 Stab: Held in net/web   |       |       |     1 |       ||     1
  Eat: Chunk             |    13 |    21 |    48 |    30 ||   112

Action                   |  1- 3 |  4- 6 |  7- 9 | 10-12 || total
-------------------------+-------+-------+-------+-------++-------
Melee: War axe           |   120 |   255 |   363 |       ||   738
       Battleaxe         |       |       |     4 |   244 ||   248
       Hand axe          |       |       |       |    35 ||    35
 Fire: Blowgun           |       |       |    49 |       ||    49
Throw: Throwing net      |     1 |       |     5 |       ||     6
Evoke: Wand              |       |       |       |     2 ||     2
  Use: Scroll            |       |       |    17 |     6 ||    23
       Potion            |       |       |     7 |     6 ||    13
 Stab: Held in net/web   |       |       |     1 |       ||     1
  Eat: Chunk             |    13 |    21 |    48 |    30 ||   112
